 Dungeon Crawl Stone Soup version 0.31-a0-187-gba352fbbf7 (webtiles) character file.

Game seed: 4373775178248641870

71116 qw the Markself (level 14, -1/88 HPs)
             Began as a Deep Elf Hunter on June 22, 2023.
             Was an Elder of Okawaru.
             Killed from afar by an efreet (4 damage)
             ... with a bolt of fire
             ... while petrified by a catoblepas
             ... on level 15 of the Dungeon.
             The game lasted 00:08:29 (17341 turns).

qw the Markself (Deep Elf Hunter)                  Turns: 17341, Time: 00:08:30

Health: -1/88      AC: 17    Str: 17    XL:     14   Next: 96%
Magic:  19/23      EV:  2    Int: 22    God:    Okawaru [****..]
Gold:   1395       SH:  0    Dex: 26    Spells: 13/13 levels left

rFire   + . .        t - +0 longbow of the Special Scars {drain, rElec rC+ Str+5}
rCold   + . .        (shield currently unavailable)
rNeg    + + +        m - +0 troll leather armour
rPois   inf          e - +2 helmet
rElec   +            g - +1 cloak
rCorr   .            j - +2 pair of gloves
SInv    .            v - +1 pair of boots of Huhin {Contam Will++ Dex+2}
Will    +++..        u - amulet of faith
Stlth   ++++         f - ring "Mypaaril" {rF+ Int+6 Slay+5}
HPRegen 1.14/turn    i - +6 ring of dexterity
MPRegen 0.18/turn

%: faith
@: petrified, heroic, finesse-ful
A: no striking features
a: Renounce Religion, Heroism, Finesse


You were on level 15 of the Dungeon.
You worshipped Okawaru.
Okawaru was greatly pleased with you.
You visited 3 branches of the dungeon, and saw 21 of its levels.
You also visited: Gauntlet.

You collected 1439 gold pieces.
You spent 44 gold pieces at shops.


   Skills:
 - Level 10.0(15.0) Fighting
 - Level 20.0(25.0) Ranged Weapons
 - Level 5.0(10.0) Armour
 + Level 18.4(23.4) Dodging
 - Level 1.2(6.2) Stealth
 - Level 10.1 Invocations


You had 13 spell levels left.
You didn't know any spells.
Your spell library was empty.

Inventory:

Hand Weapons
 t - the +0 longbow of the Special Scars (weapon) {drain, rElec rC+ Str+5}
   (Okawaru gifted it to you on level 4 of the Lair of Beasts)

   Str:       It affects your strength (+5).
   rC:        It protects you from cold.
   rElec:     It insulates you from electricity.
 w - a +2 longbow of flaming
Armour
 e - a +2 helmet (worn)
 g - a +1 cloak (worn)
 j - a +2 pair of gloves (worn)
 m - a +0 troll leather armour (worn)
 p - the +3 pair of mountain boots {steadfast, rC+}
   (Okawaru gifted it to you on level 5 of the Lair of Beasts)

   Steadfast: It prevents involuntary movement, except for blinking,
   teleportation, or banishment.
   rC:        It protects you from cold.
 s - a +1 scale mail of fire resistance
 v - the +1 pair of boots of Huhin (worn) {Contam Will++ Dex+2}
   (You found it in a Gauntlet)

   Dex:       It affects your dexterity (+2).
   Contam:    It causes magical contamination when unequipped.
   Will:      It greatly increases your willpower.
Jewellery
 f - the ring "Mypaaril" (left hand) {rF+ Int+6 Slay+5}
   (You acquired it on level 5 of the Dungeon)

   [ring of intelligence]

   Int:       It affects your intelligence (+6).
   Slay:      It affects your accuracy & damage with ranged weapons and melee
   (+5).
   rF:        It protects you from fire.
 i - a +6 ring of dexterity (right hand)
 o - the amulet of Vitality {RegenMP++ Regen++}
   (You found it in a Gauntlet)

   [amulet of magic regeneration]

   It increases your rate of magic regeneration.
   Regen:     It increases your rate of health regeneration.
 u - an amulet of faith (around neck)
Wands
 q - a wand of digging (23)
Scrolls
 b - 9 scrolls of identify
 h - 2 scrolls of teleportation
 x - a scroll of enchant weapon
Potions
 a - 9 potions of curing
 c - 3 potions of heal wounds
 d - 3 potions of haste
 k - 2 potions of mutation
 l - 3 potions of magic
 n - 2 potions of might
 r - 4 potions of enlightenment

Dungeon Overview and Level Annotations

Branches:
Dungeon (15/15)            Temple (1/1) D:5            Lair (5/5) D:10
  Swamp (0/4) Lair:3        Snake (0/4) Lair:2        Slime (0/5) Lair:4
    Orc (0/2) D:12         Vaults (0/5) D:14        Gauntlet (visited)
 Depths: D:15

Altars:
Ashenzari
Cheibriados
Dithmenos
Elyvilon
Fedhas
Gozag
Hepliaklqana
Kikubaaqudgha
Makhleb
Nemelex Xobeh
Okawaru
Qazlal
Ru
Sif Muna
Trog
Uskayaw
Vehumet
Wu Jian
Xom
Yredelemnul
Zin
The Shining One

Shops:
D:1 *   D:2 ?[   D:10 :

Annotations:
D:13 3 runed translucent doors, Vext's ghost, journeyman SpEn
Lair:4 1 runed translucent door
Lair:5 2 runed translucent doors


Message History

17337 ||| INVOKING Finesse.
You can now deal lightning-fast blows.
You can no longer enter into single combat with a foe.
Okawaru will no longer gift you equipment.
You are engulfed in calcifying dust.
Your limbs have turned to stone.
The hell hound is engulfed in calcifying dust.
The hell hound barely misses you. The fire elemental hits you.
The fire elemental burns you! You resist. The efreet closely misses you.
The catoblepas completely misses you.
The hell hound is engulfed in calcifying dust.
The hell hound barely misses you. The catoblepas gores you!
The efreet misses you. The fire elemental hits you.
The fire elemental burns you! You resist.
You have turned to stone.
You are engulfed in calcifying dust.
The hell hound is engulfed in calcifying dust.
The hell hound bites you.
The hell hound is engulfed in calcifying dust.
The fire elemental hits you. The fire elemental burns you! You resist.
The catoblepas gores you!!
The efreet hits you with a +2 scimitar of flaming.
The efreet burns you.
You are engulfed in calcifying dust.
The hell hound bites you but does no damage.
The fire elemental hits you. The fire elemental burns you! You resist.
The hell hound bites you but does no damage.
The catoblepas gores you!
The efreet hits you with a +2 scimitar of flaming!!
You are engulfed in calcifying dust.
The fire elemental completely misses you.
The hell hound bites you but does no damage.
The catoblepas completely misses you. The efreet gestures at you.
The bolt of fire hits you! You resist. The fire elemental hits you.
The fire elemental burns you! You resist.
The hell hound bites you but does no damage. x2
The fire elemental hits you. The fire elemental burns you! You resist.
The catoblepas gores you!! The efreet gestures at you.
The bolt of fire hits you! You resist.
You die...

#####+#########
...#......#...#
...#......#...#
##.#####..#...####+#
...............E@h.#
...............YhR.+
................E..#
##############)0##+#
...00 ....0hh.
......h....
.........R0.
..........00.


You could see a catoblepas, an efreet, 2 fire elementals and 2 hell hounds.

Vanquished Creatures
  Roxanne (D:15)
  Nessos (D:13)
  Azrael (D:15)
  A minotaur (Gauntlet)
  An ettin (D:14)
  2 centaur warriors
  Erolcha (D:9)
  A vault guard (D:14)
  6 hydras
  5 boulder beetles
  A two-headed ogre (D:10)
  2 catoblepae
  2 tengu warriors (D:14)
  Urug (D:13)
  6 death yaks (Lair:5)
  Sonja (D:13)
  A skyshark (Lair:3)
  Nergalle (D:11)
  2 bog bodies (Lair:3)
  A deep troll (D:14)
  A wizard (D:15)
  A lindwurm (Lair:5)
  3 cyclopes
  3 ugly things
  3 manticores
  25 elephants
  A centaur zombie (D:11)
  5 black mambas
  A rust devil (Gauntlet)
  2 centaur skeletons (D:11)
  12 cane toads
  7 molten gargoyles
  A minotaur zombie (Gauntlet)
  3 rime drakes
  A kobold demonologist (D:11)
  A freezing wraith (D:14)
  10 komodo dragons
  An efreet (D:14)
  4 polar bears
  4 trolls
  Prince Ribbit (Lair:1)
  A hornet (Lair:2)
  A tyrant leech (Gauntlet)
  5 blink frogs
  4 flying skulls (Gauntlet)
  8 slime creatures
  A meliai zombie (D:11)
  A centaur simulacrum (D:11)
  A spriggan (Lair:1)
  2 shadows
  20 yaks
  A yak (shapeshifter) (D:13)
  A ynoxinul (Gauntlet)
  6 wyverns
  Grum (D:9)
  3 vampire mosquitoes (D:14)
  2 wraiths
  5 basilisks
  8 steam dragons
  A fire elemental (D:13)
  3 nagas (Lair:2)
  2 swamp worms (Gauntlet)
  15 water moccasins
  2 acid dragons
  9 hell hounds
  2 sky beasts
  4 black bears
  5 orc warriors
  29 wolves
  4 centaurs
  A phantom (D:6)
  Blork the orc (D:6)
  2 kobold brigands
  14 bullfrogs
  3 scorpions
  A gnoll sergeant (D:11)
  10 wights
  3 killer bees (D:9)
  5 howler monkeys
  5 lava snakes
  5 jellies
  10 hounds
  4 orc priests
  A sleepcap (D:5)
  4 iron imps (Gauntlet)
  An iguana (D:6)
  4 orc wizards
  7 adders
  4 gnolls (D:4)
  A shadow imp (D:7)
  4 white imps
  An ufetubus (D:6)
  A worm (D:3)
  A dart slug (D:1)
  31 orcs
  4 ball pythons
  4 bats
  4 endoplasms
  6 giant cockroaches
  2 goblins (D:1)
  4 hobgoblins
  3 jackals (D:1)
  14 kobolds
  4 quokkas
  12 frilled lizards
  3 rats
459 creatures vanquished.

Notes
Turn   | Place    | Note
-------+----------+-------------------------------------------
     0 | D:1      | qw the Deep Elf Hunter began the quest for the Orb.
     0 | D:1      | Reached XP level 1. HP: 12/12 MP: 3/3
     0 | D:1      | 0 ||| qw: Version: 0.3-a-9-g12657ce
     0 | D:1      | 0 ||| qw: Game counter: 2313
     0 | D:1      | 0 ||| qw: Always use a shield: true
     0 | D:1      | 0 ||| qw: God list: Okawaru
     0 | D:1      | 0 ||| qw: Allow faded altars: false
     0 | D:1      | 0 ||| qw: Do Orc after D:15 true
     0 | D:1      | 0 ||| qw: Do second Lair branch before Depths: true
     0 | D:1      | 0 ||| qw: Lair rune preference: random
     0 | D:1      | 0 ||| qw: Plans: Normal
     0 | D:1      | 0 ||| PLANNING D:1-11
    83 | D:1      | Reached skill level 6 in Ranged Weapons
    83 | D:1      | Reached XP level 2. HP: 16/16 MP: 4/4
   100 | D:1      | Found Micep's Assorted Antiques.
   115 | D:1      | 115 ||| SHOPLISTING fuming puce potion (18 gold, have 6).
   115 | D:1      | 115 ||| SHOPLISTING jewelled fluorescent wand (80 gold,
                  | have 6).
   115 | D:1      | 115 ||| SHOPLISTING pink potion (18 gold, have 6).
   115 | D:1      | 115 ||| SHOPLISTING scroll labelled ESUISA GI JIOL (20
                  | gold, have 6).
   115 | D:1      | 115 ||| SHOPLISTING scroll labelled RANU RINUGU (20 gold,
                  | have 6).
   115 | D:1      | 115 ||| SHOPLISTING shiny scale mail (140 gold, have 6).
   115 | D:1      | 115 ||| SHOPLISTING yellow potion (18 gold, have 6).
   119 | D:1      | Found Dosit's Distillery.
   558 | D:1      | Reached XP level 3. HP: 20/20 MP: 5/5
   644 | D:1      | 644 ||| UPGRADING to +2 helmet.
   649 | D:1      | 649 ||| UPGRADING to +0 scale mail.
   659 | D:1      | 659 ||| DROPPING +0 leather armour.
   660 | D:1      | 660 ||| UPGRADING to +4 ring of protection.
   661 | D:1      | 661 ||| UPGRADING to +6 ring of strength.
   662 | D:1      | 662 ||| READING scroll labelled HEFAHE HIMOUDO.
   663 | D:1      | 663 ||| DROPPING scroll of butterflies.
   665 | D:1      | 665 ||| Stepping ~*~*~tactically~*~*~ (cloud).
   833 | D:2      | Found Hukah's Antique Armour Shoppe.
   842 | D:2      | 842 ||| SHOPLISTING pair of boots (144 gold, have 46).
   842 | D:2      | 842 ||| SHOPLISTING pair of gloves (144 gold, have 46).
   842 | D:2      | 842 ||| SHOPLISTING pair of runed gloves (240 gold, have
                  | 46).
   842 | D:2      | 842 ||| SHOPLISTING ring mail (128 gold, have 46).
   942 | D:2      | Reached skill level 7 in Ranged Weapons
   948 | D:2      | Found a faded altar of an unknown god.
  1221 | D:2      | Found Oraqul's Magic Scroll Boutique.
  1224 | D:2      | 1224 ||| SHOPLISTING 3 scrolls of identify (66 gold, have
                  | 55).
  1224 | D:2      | 1224 ||| SHOPLISTING scroll of enchant weapon (82 gold,
                  | have 55).
  1224 | D:2      | 1224 ||| BUYING scroll of identify (22 gold).
  1224 | D:2      | Bought a scroll of identify for 22 gold pieces
  1224 | D:2      | 1224 ||| BUYING scroll of identify (22 gold).
  1224 | D:2      | Bought a scroll of identify for 22 gold pieces
  1332 | D:2      | 1332 ||| UPGRADING to +0 ring mail.
  1342 | D:2      | 1342 ||| DROPPING +0 scale mail.
  1343 | D:2      | 1343 ||| READING scroll labelled FUL RUW WOA.
  1344 | D:2      | 1344 ||| READING 3 scrolls of identify.
  1344 | D:2      | 1344 ||| IDENTIFYING green potion
  1345 | D:2      | 1345 ||| READING 2 scrolls of identify.
  1345 | D:2      | 1345 ||| IDENTIFYING viscous dark potion
  1346 | D:2      | 1346 ||| DROPPING potion of ambrosia.
  1466 | D:3      | Reached XP level 4. HP: 25/25 MP: 6/6
  2029 | D:3      | Reached skill level 8 in Ranged Weapons
  2275 | D:3      | 2275 ||| READING scroll labelled RANU RINUGU.
  2279 | D:3      | 2279 ||| READING 5 scrolls of identify.
  2279 | D:3      | 2279 ||| IDENTIFYING yellow potion
  2280 | D:3      | 2280 ||| READING 4 scrolls of identify.
  2280 | D:3      | 2280 ||| IDENTIFYING emerald potion
  2281 | D:3      | 2281 ||| READING 3 scrolls of identify.
  2281 | D:3      | 2281 ||| IDENTIFYING pink potion
  2282 | D:3      | 2282 ||| DROPPING potion of degeneration.
  2283 | D:3      | 2283 ||| DROPPING potion of lignification.
  2426 | D:4      | Reached XP level 5. HP: 9/29 MP: 7/7
  2771 | D:4      | Reached skill level 9 in Ranged Weapons
  2791 | D:4      | 2791 ||| UPGRADING to +1 pair of gloves.
  2796 | D:4      | 2796 ||| UPGRADING to +6 ring of dexterity.
  2798 | D:4      | 2798 ||| UPGRADING to +4 ring of protection.
  2800 | D:4      | 2800 ||| DROPPING +6 ring of strength.
  2801 | D:4      | 2801 ||| READING scroll labelled SEMPIO ZUANT.
  2802 | D:4      | 2802 ||| READING 2 scrolls of identify.
  2802 | D:4      | 2802 ||| IDENTIFYING fuming puce potion
  2834 | D:5      | Entered Level 5 of the Dungeon
  2951 | D:5      | Found a staircase to the Ecumenical Temple.
  2952 | D:5      | 2952 ||| PLANNING TEMPLE
  2964 | D:5      | Reached skill level 3 in Dodging
  2964 | D:5      | Reached XP level 6. HP: 35/35 MP: 8/8
  2967 | Temple   | Entered the Ecumenical Temple
  3036 | Temple   | 3036 ||| PLANNING OKAWARU WORSHIP
  3174 | Temple   | Became a worshipper of Warmaster Okawaru
  3175 | Temple   | 3175 ||| PLANNING D:1-11
  3320 | D:5      | Found a sparkling altar of Nemelex Xobeh.
  3601 | D:5      | Reached skill level 1 in Armour
  4180 | D:5      | 4180 ||| READING scroll labelled DYCSIS ZUGI.
  4180 | D:5      | Identified a scroll of acquirement
  4180 | D:5      | 4180 ||| ACQUIRING ring "Mypaaril" {rF+ Int+6 Slay+5}
  4180 | D:5      | Acquired the ring "Mypaaril" {rF+ Int+6 Slay+5}
  4182 | D:5      | 4182 ||| UPGRADING to ring "Mypaaril" {rF+ Int+6 Slay+5}.
  4184 | D:5      | 4184 ||| UPGRADING to +6 ring of dexterity.
  4186 | D:5      | 4186 ||| DROPPING +4 ring of protection.
  4187 | D:5      | 4187 ||| READING scroll labelled EGESKEI DIUSCH.
  4188 | D:5      | 4188 ||| READING scroll labelled FESIZUI HUODDUZ.
  4189 | D:5      | 4189 ||| READING scroll labelled DAUSOM BYCALUE.
  4212 | D:6      | Noticed Blork the orc
  4219 | D:6      | Killed Blork the orc
  4227 | D:6      | You fall into a shaft and drop 2 floors!
  4233 | D:8      | 4233 ||| READING scroll of enchant weapon.
  4233 | D:8      | 4233 ||| ENCHANTING +1 shortbow.
  4237 | D:8      | Reached skill level 10 in Ranged Weapons
  4271 | D:8      | HP: 8/35 [poisoned by a kobold brigand (curare-tipped
                  | dart)]
  4272 | D:8      | 4272 ||| READING 2 scrolls of teleportation.
  4273 | D:8      | 4273 ||| DRINKING 2 potions of heal wounds.
  4273 | D:8      | Found a stormy altar of Qazlal.
  4308 | D:8      | Found a blossoming altar of Fedhas.
  4314 | D:8      | Reached XP level 7. HP: 40/40 MP: 9/9
  4345 | D:8      | Reached * piety under Okawaru
  4350 | D:8      | Reached skill level 1 in Invocations
  4375 | D:8      | Found a sacrificial altar of Ru.
  4377 | D:8      | 4377 ||| UPGRADING to +0 cloak.
  4384 | D:8      | 4384 ||| INVOKING Heroism.
  4395 | D:8      | Reached skill level 11 in Ranged Weapons
  4395 | D:8      | Reached skill level 3 in Invocations
  4397 | D:8      | 4397 ||| INVOKING Heroism.
  4492 | D:7      | Noticed a steam dragon
  4493 | D:7      | 4493 ||| INVOKING Heroism.
  4501 | D:7      | Killed a steam dragon
  4502 | D:7      | Reached XP level 8. HP: 27/44 MP: 9/12
  4650 | D:7      | 4650 ||| INVOKING Heroism.
  4744 | D:7      | 4744 ||| INVOKING Heroism.
  4797 | D:7      | Reached skill level 12 in Ranged Weapons
  4854 | D:6      | 4854 ||| INVOKING Heroism.
  4862 | D:6      | Reached skill level 3 in Fighting
  4931 | D:6      | 4931 ||| INVOKING Heroism.
  4968 | D:6      | 4968 ||| INVOKING Heroism.
  5007 | D:6      | 5007 ||| FLEEEEING.
  5122 | D:6      | Reached ** piety under Okawaru
  5123 | D:6      | Reached skill level 13 in Ranged Weapons
  5133 | D:6      | Reached XP level 9. HP: 51/51 MP: 14/14
  5138 | D:6      | 5138 ||| Stepping ~*~*~tactically~*~*~ (outnumbered).
  5290 | D:6      | Found a white marble altar of Elyvilon.
  5364 | D:6      | Reached skill level 14 in Ranged Weapons
  5488 | D:7      | 5488 ||| INVOKING Heroism.
  5645 | D:7      | Reached skill level 6 in Dodging
  5717 | D:7      | 5717 ||| INVOKING Heroism.
  5893 | D:8      | 5893 ||| SWAPPING to +0 orcbow.
  5894 | D:8      | 5894 ||| DROPPING +2 shortbow.
  5896 | D:8      | 5896 ||| INVOKING Heroism.
  6216 | D:8      | 6216 ||| READING scroll of acquirement.
  6216 | D:8      | 6216 ||| ACQUIRING +1 pair of boots of stealth
  6216 | D:8      | Acquired a +1 pair of boots of stealth
  6218 | D:8      | 6218 ||| UPGRADING to +1 pair of boots of stealth.
  6228 | D:8      | Found a broken altar of Ashenzari.
  6233 | D:8      | 6233 ||| INVOKING Heroism.
  6315 | D:8      | 6315 ||| READING scroll labelled VAPA QAESORCHOLY.
  6316 | D:8      | 6316 ||| READING 5 scrolls of identify.
  6316 | D:8      | 6316 ||| IDENTIFYING brown potion
  6317 | D:8      | 6317 ||| DROPPING potion of attraction.
  6475 | D:9      | Found a shadowy altar of Dithmenos.
  6484 | D:9      | Reached skill level 15 in Ranged Weapons
  6621 | D:9      | 6621 ||| SWAPPING to +2 orcbow of freezing.
  6622 | D:9      | 6622 ||| DROPPING +0 orcbow.
  6850 | D:9      | Noticed Erolcha
  6851 | D:9      | 6851 ||| INVOKING Heroism.
  6856 | D:9      | Killed Erolcha
  6856 | D:9      | Reached *** piety under Okawaru
  6857 | D:9      | Reached XP level 10. HP: 56/56 MP: 12/15
  7110 | D:9      | Noticed Grum
  7111 | D:9      | 7111 ||| INVOKING Heroism.
  7126 | D:9      | Killed Grum
  7200 | D:9      | 7200 ||| INVOKING Heroism.
  7243 | D:9      | 7243 ||| UPGRADING to amulet of reflection.
  7248 | D:9      | 7248 ||| DROPPING ring of see invisible.
  7249 | D:9      | 7249 ||| READING scroll labelled RETSOI UZXEMEA.
  7352 | D:10     | Entered Level 10 of the Dungeon
  7392 | D:10     | Reached skill level 16 in Ranged Weapons
  7392 | D:10     | Noticed a two-headed ogre
  7393 | D:10     | 7393 ||| INVOKING Heroism.
  7405 | D:10     | Killed a two-headed ogre
  7493 | D:10     | Found a staircase to the Lair.
  7533 | D:10     | Found Aheprab Beic's Tremendous Tomes.
  7535 | D:10     | Reached **** piety under Okawaru
  7583 | D:10     | Received a gift from Okawaru
  7654 | D:10     | Found a radiant altar of Vehumet.
  7667 | D:10     | 7667 ||| INVOKING Heroism.
  7672 | D:10     | Reached skill level 3 in Armour
  7766 | D:10     | Noticed a manticore
  7767 | D:10     | 7767 ||| INVOKING Heroism.
  7771 | D:10     | Killed a manticore
  7931 | D:10     | 7931 ||| INVOKING Heroism.
  7934 | D:10     | Reached skill level 9 in Dodging
  8137 | D:10     | 8137 ||| PLANNING LAIR
  8137 | D:10     | 8137 ||| UPGRADING to +0 troll leather armour.
  8147 | D:10     | 8147 ||| DROPPING +0 ring mail.
  8148 | D:10     | 8148 ||| READING scroll labelled ESUISA GI JIOL.
  8233 | Lair:1   | Entered Level 1 of the Lair of Beasts
  8233 | Lair:1   | Noticed a cane toad
  8234 | Lair:1   | 8234 ||| INVOKING Heroism.
  8240 | Lair:1   | Killed a cane toad
  8321 | Lair:1   | Noticed a catoblepas
  8322 | Lair:1   | 8322 ||| INVOKING Heroism.
  8328 | Lair:1   | 8328 ||| Stepping ~*~*~tactically~*~*~ (cloud).
  8329 | Lair:1   | 8329 ||| Stepping ~*~*~tactically~*~*~ (cloud).
  8333 | Lair:1   | 8333 ||| Stepping ~*~*~tactically~*~*~ (cloud).
  8334 | Lair:1   | Killed a catoblepas
  8418 | Lair:1   | Reached XP level 11. HP: 64/64 MP: 16/16
  8419 | Lair:1   | 8419 ||| INVOKING Heroism.
  8420 | Lair:1   | Noticed Prince Ribbit
  8423 | Lair:1   | Killed Prince Ribbit
  8424 | Lair:1   | Reached skill level 6 in Fighting
  8481 | Lair:1   | 8481 ||| INVOKING Heroism.
  8646 | Lair:1   | 8646 ||| INVOKING Heroism.
  8667 | Lair:1   | 8667 ||| INVOKING Heroism.
  8674 | Lair:1   | Reached skill level 6 in Invocations
  8750 | Lair:1   | 8750 ||| INVOKING Heroism.
  8957 | Lair:1   | 8957 ||| INVOKING Heroism.
  9036 | Lair:1   | 9036 ||| INVOKING Heroism.
  9189 | Lair:1   | 9189 ||| DROPPING amulet of magic regeneration.
  9190 | Lair:1   | 9190 ||| READING 5 scrolls of identify.
  9190 | Lair:1   | 9190 ||| IDENTIFYING fuming orange potion
  9191 | Lair:1   | 9191 ||| READING 4 scrolls of identify.
  9191 | Lair:1   | 9191 ||| IDENTIFYING blue potion
  9196 | Lair:2   | 9196 ||| STAIRDANCE
  9300 | Lair:2   | 9300 ||| INVOKING Heroism.
  9376 | Lair:2   | Noticed a six-headed hydra
  9377 | Lair:2   | 9377 ||| INVOKING Heroism.
  9383 | Lair:2   | Killed a six-headed hydra
  9384 | Lair:2   | Reached skill level 12 in Dodging
  9430 | Lair:2   | Noticed a five-headed hydra
  9431 | Lair:2   | 9431 ||| INVOKING Heroism.
  9443 | Lair:2   | Killed a five-headed hydra
  9516 | Lair:2   | 9516 ||| INVOKING Heroism.
  9690 | Lair:2   | 9690 ||| INVOKING Heroism.
  9797 | Lair:2   | 9797 ||| INVOKING Heroism.
  9817 | Lair:2   | Found a staircase to the Snake Pit.
  9875 | Lair:2   | 9875 ||| INVOKING Heroism.
  9881 | Lair:2   | Reached XP level 12. HP: 72/72 MP: 17/20
  9986 | Lair:2   | 9986 ||| INVOKING Heroism.
 10122 | Lair:2   | 10122 ||| READING scroll labelled MARORA EKAO.
 10123 | Lair:2   | 10123 ||| READING 3 scrolls of identify.
 10123 | Lair:2   | 10123 ||| IDENTIFYING puce potion
 10124 | Lair:2   | 10124 ||| DROPPING potion of invisibility.
 10302 | Lair:3   | 10302 ||| INVOKING Heroism.
 10465 | Lair:3   | Found a staircase to the Swamp.
 10493 | Lair:3   | Noticed a seven-headed hydra
 10494 | Lair:3   | 10494 ||| INVOKING Heroism.
 10503 | Lair:3   | Reached skill level 9 in Invocations
 10507 | Lair:3   | Killed a seven-headed hydra
 10558 | Lair:3   | 10558 ||| DROPPING ring of willpower.
 10663 | Lair:3   | Reached ***** piety under Okawaru
 10820 | Lair:3   | 10820 ||| READING scroll of enchant armour.
 10820 | Lair:3   | 10820 ||| ENCHANTING +1 pair of gloves.
 10824 | Lair:3   | Noticed a seven-headed hydra
 10825 | Lair:3   | 10825 ||| INVOKING Heroism.
 10829 | Lair:3   | Killed a seven-headed hydra
 11121 | Lair:3   | 11121 ||| DROPPING +5 ring of evasion.
 11122 | Lair:3   | 11122 ||| READING 4 scrolls of identify.
 11122 | Lair:3   | 11122 ||| IDENTIFYING coppery potion
 11137 | Lair:4   | 11137 ||| PLANNING GAUNTLET
 11261 | Lair:4   | 11261 ||| INVOKING Heroism.
 11305 | Lair:4   | Identified the +0 longbow of the Special Scars {drain,
                  | rElec rC+ Str+5} (Okawaru gifted it to you on level 4 of
                  | the Lair of Beasts)
 11305 | Lair:4   | Received a gift from Okawaru
 11307 | Lair:4   | 11307 ||| SWAPPING to +0 longbow of the Special Scars
                  | {drain, rElec rC+ Str+5}.
 11308 | Lair:4   | 11308 ||| DROPPING +2 orcbow of freezing.
 11360 | Lair:4   | 11360 ||| INVOKING Heroism.
 11501 | Lair:4   | Reached XP level 13. HP: 79/79 MP: 22/22
 11543 | Lair:4   | Found a gate leading to a gauntlet.
 11544 | Lair:4   | 11544 ||| READING scroll labelled DIMAEPUORPH.
 11550 | Lair:4   | Found a runed translucent door.
 11552 | Gauntlet | Entered a Gauntlet
 11552 | Gauntlet | Found a transporter.
 11552 | Gauntlet | Found a transporter.
 11562 | Gauntlet | Found a transporter.
 11566 | Gauntlet | Found a transporter.
 11573 | Gauntlet | Found a transporter.
 11576 | Gauntlet | Found a transporter.
 11584 | Gauntlet | Found a transporter.
 11594 | Gauntlet | Found the amulet of Vitality {RegenMP++ Regen++}
 11600 | Gauntlet | Found a large runed translucent door.
 11601 | Gauntlet | Found a large runed translucent door.
 11602 | Gauntlet | Found a large runed translucent door.
 11602 | Gauntlet | Found a large runed translucent door.
 11603 | Gauntlet | Found a runed translucent gate.
 11604 | Gauntlet | Found a transporter.
 11604 | Gauntlet | Found a runed translucent gate.
 11605 | Gauntlet | Found a runed translucent gate.
 11606 | Gauntlet | Found a large runed translucent door.
 11606 | Gauntlet | Found a large runed translucent door.
 11607 | Gauntlet | Found a large runed translucent door.
 11608 | Gauntlet | Found a large runed translucent door.
 11617 | Gauntlet | Found a large runed translucent door.
 11617 | Gauntlet | Found a large runed translucent door.
 11617 | Gauntlet | Found a runed translucent door.
 11617 | Gauntlet | Found a runed translucent door.
 11618 | Gauntlet | Found a large runed translucent door.
 11619 | Gauntlet | Found a large runed translucent door.
 11621 | Gauntlet | Found a transporter.
 11624 | Gauntlet | Found a transporter.
 11634 | Gauntlet | Found a transporter.
 11637 | Gauntlet | Found a transporter.
 11685 | Gauntlet | Found a large runed translucent door.
 11686 | Gauntlet | Found a large runed translucent door.
 11687 | Gauntlet | Found a large runed translucent door.
 11687 | Gauntlet | Found a large runed translucent door.
 11738 | Gauntlet | 11738 ||| UPGRADING to amulet of faith.
 11769 | Gauntlet | 11769 ||| INVOKING Heroism.
 11795 | Gauntlet | Identified the +1 pair of boots of Huhin {Contam Will++
                  | Dex+2}
 11797 | Gauntlet | 11797 ||| UPGRADING to +1 pair of boots of Huhin {Contam
                  | Will++ Dex+2}.
 11807 | Gauntlet | 11807 ||| DROPPING +1 pair of boots of stealth.
 11825 | Gauntlet | Reached skill level 17 in Ranged Weapons
 11843 | Gauntlet | 11843 ||| DROPPING amulet of reflection.
 11865 | Gauntlet | Noticed a minotaur
 11866 | Gauntlet | 11866 ||| INVOKING Heroism.
 11867 | Gauntlet | 11867 ||| INVOKING Finesse.
 11882 | Gauntlet | Killed a minotaur
 11951 | Gauntlet | 11951 ||| DROPPING ring of positive energy.
 11962 | Lair:4   | 11962 ||| PLANNING LAIR
 11970 | Lair:4   | Found a staircase to the Slime Pits.
 12169 | Lair:5   | Entered Level 5 of the Lair of Beasts
 12208 | Lair:5   | 12208 ||| READING scroll of enchant armour.
 12208 | Lair:5   | 12208 ||| ENCHANTING +0 cloak.
 12268 | Lair:5   | 12268 ||| INVOKING Heroism.
 12304 | Lair:5   | Reached skill level 18 in Ranged Weapons
 12334 | Lair:5   | 12334 ||| INVOKING Heroism.
 12335 | Lair:5   | 12335 ||| Stepping ~*~*~tactically~*~*~ (cloud).
 12336 | Lair:5   | 12336 ||| INVOKING Finesse.
 12337 | Lair:5   | 12337 ||| Stepping ~*~*~tactically~*~*~ (cloud).
 12346 | Lair:5   | 12346 ||| Stepping ~*~*~tactically~*~*~ (cloud).
 12405 | Lair:5   | 12405 ||| INVOKING Heroism.
 12423 | Lair:5   | Reached skill level 19 in Ranged Weapons
 12456 | Lair:5   | 12456 ||| INVOKING Heroism.
 12586 | Lair:5   | 12586 ||| INVOKING Heroism.
 12594 | Lair:5   | Received a gift from Okawaru
 12594 | Lair:5   | Found the +3 pair of mountain boots {steadfast, rC+}
 12605 | Lair:5   | Reached skill level 20 in Ranged Weapons
 12640 | Lair:5   | 12640 ||| INVOKING Heroism.
 12685 | Lair:5   | 12685 ||| INVOKING Heroism.
 12707 | Lair:5   | 12707 ||| Stepping ~*~*~tactically~*~*~ (outnumbered).
 12722 | Lair:5   | Reached skill level 15 in Dodging
 12737 | Lair:5   | 12737 ||| INVOKING Heroism.
 12738 | Lair:5   | 12738 ||| Stepping ~*~*~tactically~*~*~ (outnumbered).
 12765 | Lair:5   | Found a large runed translucent door.
 12766 | Lair:5   | Found a large runed translucent door.
 12827 | Lair:5   | Noticed a fire dragon
 12880 | Lair:5   | Reached skill level 9 in Fighting
 12898 | Lair:5   | 12898 ||| INVOKING Heroism.
 12899 | Lair:5   | 12899 ||| INVOKING Finesse.
 12911 | Lair:5   | Reached XP level 14. HP: 86/86 MP: 16/23
 13325 | Lair:5   | 13325 ||| READING scroll labelled KYOQESMAST.
 13326 | Lair:5   | 13326 ||| PLANNING D:1-11
 13974 | D:11     | Noticed Nergalle
 13983 | D:11     | Killed Nergalle
 14406 | D:11     | 14406 ||| PLANNING D
 14406 | D:11     | 14406 ||| DROPPING +2 helmet.
 14407 | D:11     | 14407 ||| DROPPING ring of ice.
 14458 | D:12     | 14458 ||| Stepping ~*~*~tactically~*~*~ (outnumbered).
 14463 | D:12     | 14463 ||| Stepping ~*~*~tactically~*~*~ (outnumbered).
 14507 | D:12     | Found a staircase to the Orcish Mines.
 14683 | D:12     | Found a sacrificial altar of Ru.
 14979 | D:12     | Received a gift from Okawaru
 14986 | D:12     | 14986 ||| INVOKING Heroism.
 15039 | D:12     | 15039 ||| DROPPING +0 robe of cold resistance.
 15040 | D:12     | 15040 ||| DROPPING +2 pair of boots.
 15059 | D:13     | Found a runed translucent gate.
 15059 | D:13     | Found a runed translucent gate.
 15059 | D:13     | Found a runed translucent gate.
 15067 | D:13     | Noticed Urug
 15068 | D:13     | 15068 ||| INVOKING Heroism.
 15069 | D:13     | 15069 ||| INVOKING Finesse.
 15072 | D:13     | Killed Urug
 15098 | D:13     | Noticed Nessos
 15104 | D:13     | Killed Nessos
 15417 | D:13     | Noticed Sonja
 15418 | D:13     | 15418 ||| INVOKING Finesse.
 15419 | D:13     | Killed Sonja
 15419 | D:13     | Received a gift from Okawaru
 15474 | D:13     | Noticed Vext's ghost (journeyman SpEn)
 15526 | D:13     | 15526 ||| READING 4 scrolls of teleportation.
 15527 | D:13     | 15527 ||| INVOKING Heroism.
 15564 | D:13     | 15564 ||| Stepping ~*~*~tactically~*~*~ (outnumbered).
 15809 | D:13     | 15809 ||| INVOKING Heroism.
 15810 | D:13     | 15810 ||| READING 3 scrolls of teleportation.
 16478 | D:13     | 16478 ||| Stepping randomly (stuck).
 16493 | D:14     | 16493 ||| INVOKING Heroism.
 16494 | D:14     | 16494 ||| INVOKING Finesse.
 16602 | D:14     | 16602 ||| INVOKING Heroism.
 16603 | D:14     | 16603 ||| INVOKING Finesse.
 16805 | D:14     | 16805 ||| INVOKING Heroism.
 16806 | D:14     | 16806 ||| INVOKING Finesse.
 16857 | D:14     | Found a stormy altar of Qazlal.
 16995 | D:14     | 16995 ||| INVOKING Heroism.
 17006 | D:14     | 17006 ||| INVOKING Finesse.
 17051 | D:14     | Found a gate to the Vaults.
 17157 | D:14     | 17157 ||| READING scroll labelled COFOYCLIDAA.
 17220 | D:15     | Entered Level 15 of the Dungeon
 17234 | D:15     | Identified Roxanne's Reference Book on the Syncline
 17234 | D:15     | Noticed Roxanne
 17235 | D:15     | 17235 ||| INVOKING Heroism.
 17253 | D:15     | Killed Roxanne
 17254 | D:15     | Reached skill level 18 in Dodging
 17297 | D:15     | 17297 ||| Stepping ~*~*~tactically~*~*~ (outnumbered).
 17311 | D:15     | Noticed Azrael
 17312 | D:15     | 17312 ||| INVOKING Heroism.
 17313 | D:15     | 17313 ||| Stepping ~*~*~tactically~*~*~ (outnumbered).
 17318 | D:15     | 17318 ||| Stepping ~*~*~tactically~*~*~ (outnumbered).
 17336 | D:15     | Killed Azrael
 17337 | D:15     | 17337 ||| INVOKING Finesse.
 17339 | D:15     | HP: 19/88 [efreet/+2 scimitar of flaming (9)]
 17341 | D:15     | HP: 3/88 [catoblepas (10)]
 17341 | D:15     | Killed from afar by an efreet

Levels and vault maps discovered:
D:1:      tarquinn_simple_flora_water_f, layout_basic, serial_shops, shop,
          nicolae_shop_behind_doors, serial_park_tiny_pond, minmay_pentomino_o2
D:2:      layout_loops_cross, hellmonk_ecumenical_altar_arch_garden,
          serial_shops, nicolae_shop_rolled_up, nicolae_shop_tiny_statue_garden
D:3:      layout_loops_corners, kennysheep_cross_room
D:4:      layout_rooms, cheibrodos_gnoll_hut
D:5:      layout_layer_cave, nemelex_diamond_rough_becter,
          minmay_temple_entry_gardened_gates
D:6:      layout_basic, nicolae_elyvilon_temple_path, uniq_blork_the_orc
D:7:      layout_loops_ring, minmay_misc_feat_encased
D:8:      layout_basic, grunt_temple_overflow_forces_of_nature,
          mainiacjoe_overflow_alcove_1, ashenzari_altar_1,
          kennysheep_generic_room_8
D:9:      layout_basic, nicolae_dithmenos_shadow_blocks, uniq_erolcha, uniq_grum
D:10:     layout_rooms, fiery_altar_vehumet, david_lair_generic,
          nicolae_shop_i_like_big_books
D:11:     layout_long_grid, hangedman_weighted_door, minmay_quadrilaterals,
          uniq_nergalle
D:12:     layout_roguey, hiddenorc1_lemuel, nicolae_ru_awakened_eye
D:13:     layout_grid_maze, maelrawn_ghost_gauntlet_escape, minivault_8,
          uniq_urug, uniq_nessos, uniq_sonja
D:14:     layout_rooms, david_vaults_4, nicolae_qazlal_eye_of_the_storm
D:15:     grunt_enter_depths_snipers, layout_grid_maze,
          portal_ice_cave_entry_pillars_2, hangedman_decor_growths, uniq_azrael,
          uniq_roxanne
Temple:   eino_narrow_crystal_temple
Lair:1:   beast_lair_carwin_large_1, layout_cave_pods,
          grunt_forest_large_clearings, uniq_prince_ribbit2
Lair:2:   layout_chaotic_city, guppyfry_snake_entry_garden, beast_lair_carwin_3,
          serial_bayou_shore_a
Lair:3:   layout_regular_city, skrybe_swamp_entry_bodies, st_stairs_8,
          wad_woods_road_03, minmay_hedge_maze
Lair:4:   layout_loops_ring, slime_entry_2, gauntlet_entry_generic
Lair:5:   cheibrodos_lair_end_hotspot, layout_small_grid, lemuel_fruit_tree

Skill      XL: |  1  2  3  4  5  6  7  8  9 10 11 12 13 14 |
---------------+-------------------------------------------+-----
Ranged Weapons | 6 7 8 9 10 11 13 15 16 20 | 20.0
Fighting       | 2 3 4 5 7 8 9 10 | 10.0
Dodging        | 3 4 5 7 10 12 14 15 18 | 18.4
Armour         | 1 2 3 4 5 |  5.0
Invocations    | 3 4 8 10 | 10.1
Stealth        | |  1.2

Action                     |  1- 3 |  4- 6 |  7- 9 | 10-12 | 13-15 || total
---------------------------+-------+-------+-------+-------+-------++-------
   Fire: Shortbow          |   127 |   163 |   176 |       |       ||   466
         Orcbow            |       |       |    52 |   458 |       ||   510
         Longbow           |       |       |       |    27 |   747 ||   774
 Invoke: Heroism           |       |       |    13 |    28 |    21 ||    62
         Finesse           |       |       |       |       |    10 ||    10
    Use: Scroll            |     4 |    12 |     3 |     8 |     6 ||    33
         Potion            |       |     1 |       |       |       ||     1
 Armour: Leather armour    |     3 |       |       |       |       ||     3
         Scale mail        |    11 |       |       |       |       ||    11
         Ring mail         |     6 |    41 |    15 |     8 |       ||    70
         Troll leather arm |       |       |       |    42 |    63 ||   105
  Dodge: Dodged            |    31 |    44 |    51 |   176 |   328 ||   630
  Block: Other             |       |       |       |    33 |       ||    33
         Reflection        |       |       |       |     1 |       ||     1

Table legend:
 A = Non-vault XP
 B = Vault XP
 C = Vault XP percentage of total XP
 D = Non-vault monster count
 E = Vault monster count
 F = Vault count percentage of total count
                 A         B        C        D         E       F
            +---------+---------+-------+---------+---------+-------
      Total |   67463 |   34132 |  33.6 |     327 |     132 |  28.8
            +---------+---------+-------+---------+---------+-------
        D:1 |      39 |       3 |   7.1 |      23 |       2 |   8.0
        D:2 |      44 |       0 |   0.0 |      12 |       0 |   0.0
        D:3 |      80 |       0 |   0.0 |      15 |       0 |   0.0
        D:4 |      54 |      98 |  64.5 |       9 |       3 |  25.0
        D:5 |     221 |       0 |   0.0 |       9 |       0 |   0.0
        D:6 |    1392 |      99 |   6.6 |      26 |       1 |   3.7
        D:7 |     915 |       0 |   0.0 |      16 |       0 |   0.0
        D:8 |    1216 |     187 |  13.3 |      19 |       2 |   9.5
        D:9 |     572 |    1406 |  71.1 |       9 |       5 |  35.7
       D:10 |    2347 |     734 |  23.8 |      12 |       4 |  25.0
       D:11 |     893 |    2913 |  76.5 |       8 |       8 |  50.0
       D:12 |    3726 |     242 |   6.1 |      11 |      17 |  60.7
       D:13 |    4762 |    4372 |  47.9 |      16 |       7 |  30.4
       D:14 |    7781 |    2479 |  24.2 |      14 |       3 |  17.6
       D:15 |    1370 |    2990 |  68.6 |       2 |       6 |  75.0
     Lair:1 |    3403 |    2554 |  42.9 |      11 |      17 |  60.7
     Lair:2 |    5641 |    1734 |  23.5 |      21 |       8 |  27.6
     Lair:3 |    7426 |    2294 |  23.6 |      23 |       4 |  14.8
     Lair:4 |    5909 |       0 |   0.0 |      18 |       0 |   0.0
     Lair:5 |   19672 |    8314 |  29.7 |      53 |      30 |  36.1
   Gauntlet |       0 |    3713 | 100.0 |       0 |      15 | 100.0
            +---------+---------+-------+---------+---------+-------
